 Dungeon Crawl Stone Soup version 0.29-a0-352-g0917bc69df (webtiles) character file.

Game seed: 3986943267357727627

4 Enlil the Sneak (level 1, 0/13 HPs)
             Began as a Vampire Enchanter on Apr 24, 2022.
             Slain by a hobgoblin (4 damage)
             ... on level 1 of the Dungeon.
             The game lasted 00:01:17 (176 turns).

Enlil the Sneak (Vampire Enchanter)                  Turns: 176, Time: 00:01:18

Health: 0/13       AC:  2    Str:  7    XL:     1   Next: 58%
Magic:  3/3        EV: 12    Int: 23    God:
Gold:   35         SH:  0    Dex: 14    Spells: 4/4 levels left

rFire   . . .      SeeInvis +   a - +1 dagger
rCold   . . .      Faith    .   (no shield)
rNeg    . . .      Spirit   .   b - +0 robe
rPois   .          Reflect  .   (no helmet)
rElec   .          Harm     .   (no cloak)
rCorr   +          Rampage  .   (no gloves)
Will    .....                   (no boots)
Stlth   +++.......              (no amulet)
HPRegen 0.24/turn               d - +6 ring of intelligence
MPRegen 0.08/turn               f - ring of resist corrosion

@: healing quickly
A: alive, fangs 3, see invisible, vampiric 1
a: Exsanguinate


You were on level 1 of the Dungeon.
You visited 1 branch of the dungeon, and saw 1 of its levels.

You collected 35 gold pieces.

Inventory:

Hand Weapons
 a - a +1 dagger (weapon)
Armour
 b - a +0 robe (worn)
Jewellery
 d - a +6 ring of intelligence (left hand)
 f - a ring of resist corrosion (right hand)
Scrolls
 e - a scroll of magic mapping {unknown}
Potions
 c - 2 potions of invisibility
 g - a potion of curing {unknown}


   Skills:
 + Level 1.2 Short Blades
 + Level 2.3 Dodging
 + Level 4.5 Stealth
 + Level 2.0 Spellcasting
 + Level 4.5 Hexes


You had 4 spell levels left.
You didn't know any spells.
Your spell library contained the following spells:

 Spells                   Type           Power      Damage    Failure   Level
 Confusing Touch          Hex            23%        N/A       6%          3
 Tukima's Dance           Hex            23%        N/A       6%          3
 Ensorcelled Hibernation  Hex/Ice        24%        N/A       8%          2
 Dazzling Flash           Conj/Hex       24%        N/A       16%         3


Dungeon Overview and Level Annotations

Branches:
Dungeon (1/15)

Altars:


Innate Abilities, Weirdness & Mutations

Your natural rate of healing is accelerated.
You have razor-sharp teeth.
You have supernaturally acute eyesight. (SInv)
You are afflicted with vampirism.


Message History

You hit the hobgoblin but do no damage. The hobgoblin hits you.
You barely miss the hobgoblin. Your bite misses the hobgoblin.
The hobgoblin hits you but does no damage.
The bat closely misses you. The bat hits you. The bat barely misses you.
You hit the bat.
You kill the bat!
You closely miss the hobgoblin. The hobgoblin barely misses you.
You closely miss the hobgoblin.
The hobgoblin hits you but does no damage.
You hit the hobgoblin.
The hobgoblin is almost dead.
The hobgoblin closely misses you.
You hit the hobgoblin.
You kill the hobgoblin!
Things that are here:
a hobgoblin corpse; a bat corpse You start resting.
HP restored.
A rat comes into view.
The helpless rat fails to defend itself.
You impale the rat!!
You kill the rat!
A hobgoblin and a rat come into view.
The hobgoblin shouts!
You hear a shout!
A goblin comes into view. It is wielding a +0 dagger.
A rat comes into view.
The rat moves out of view.
The goblin hits you with a +0 dagger.
You completely miss the rat. The rat bites you but does no damage.
The goblin hits you with a +0 dagger.
You barely miss the goblin. The rat misses you.
The goblin hits you with a +0 dagger.
You barely miss the goblin. Your bite misses the goblin. The rat bites you.
The rat twitches its whiskers.
The goblin hits you but does no damage. The goblin misses you.
The rat bites you. The goblin misses you. The hobgoblin hits you.
You die...

.... .... #...# #... #. #....
#.#≈ ######.#.. ... #.≈≈ ..
.......#.########..#.###.≈≈
#.###.##..#.#.........#.....≈≈
......................#.....≈≈
#.. .............r.r#.. #..(#..≈
#... #..........@g##.....###.#.≈≈
#...# #........g.#.# ........#.≈≈
#....#.##......##.#......###.#.≈≈
#.....##.#..†.#.##.....#.......#≈
#.....#.#.#..#.#.#.......###...##
#......#.##..##.#......#.#.....##
#.......##....##.......#.....#.##
##......#......#.......###.#.#..#
#......#......# ...g. ###.#..#


You could see a hobgoblin, a goblin and 2 rats.

Vanquished Creatures
  A hobgoblin (D:1)
  A bat (D:1)
  A frilled lizard (D:1)
  A kobold (D:1)
  2 rats (D:1)
6 creatures vanquished.

Notes
Turn   | Place    | Note
-------+----------+-------------------------------------------
     0 | D:1      | Enlil the Vampire Enchanter began the quest for the Orb.
     0 | D:1      | Reached XP level 1. HP: 13/13 MP: 3/3
   176 | D:1      | Slain by a hobgoblin

Illustrated notes

Levels and vault maps discovered:
D:1:      spicycebolla_arrival_teleporter_tutorial, layout_basic,
          chequers_ecumenical_altar_twisty, minmay_misc_feat_secret_circle

Action                   || total
-------------------------++-------
Melee: Dagger            ||    24
       Bite              ||     1
 Stab: Sleeping          ||     1
Armor: Robe              ||     6
Dodge: Dodged            ||    14

Table legend: (Time is in decaauts)
 A = Elapsed time spent in this place.
 B = Non-inter-level travel time spent in this place.
 C = Inter-level travel time spent in this place.
 D = Time resting spent in this place.
 E = Time spent auto-exploring this place.
 F = Levels seen in this place.
 G = Mean time per level.
                   A        B        C        D        E       F      G
               +--------+--------+--------+--------+--------+-----+--------+
         Total |    181 |    181 |      0 |     11 |     67 |   1 |  181.0 |
       Dungeon |    181 |    181 |      0 |     11 |     67 |   1 |  181.0 |
               +--------+--------+--------+--------+--------+-----+--------+

Top non-repeatable levels by time:
     D:1: 181 daAuts
